 Dungeon Crawl Stone Soup version 0.29.1-1-gd02db6906a (webtiles) character file.

Game seed: 16642429260022615651

3280 Linkola the Poker (level 9, -3/117 HPs)
             Began as a Minotaur Fighter on Sept 29, 2022.
             Was a Believer of Wu Jian.
             Slain by a large slime creature (25 damage)
             ... on level 8 of the Dungeon.
             The game lasted 00:20:14 (6769 turns).

Linkola the Poker (Minotaur Fighter)                Turns: 6769, Time: 00:20:15

Health: -3/117     AC: 14    Str: 30    XL:     9   Next: 69%
Magic:  8/8        EV: 13    Int:  9    God:    Wu Jian [**....]
Gold:   382        SH:  5    Dex: 14    Spells: 8/8 levels left

rFire   . . .      SeeInvis .   b - +4 halberd
rCold   . . .      Faith    .   (shield currently unavailable)
rNeg    . . .      Spirit   .   v - +7 ring mail "Malyorih" {Int+2 Slay+3 Stlth+}
rPois   +          Reflect  +   (helmet restricted)
rElec   .          Harm     .   j - +0 cloak
rCorr   .          Rampage  .   (no gloves)
Will    .....                   (no boots)
Stlth   ..........              f - amulet of Cyeno {Reflect rPois Int+2 Dex+3 SH+5}
HPRegen 0.29/turn               h - +4 ring of slaying
MPRegen 0.11/turn               q - +6 ring of strength

@: berserking, hasted, very quick
A: horns 2, retaliatory headbutt
a: Renounce Religion, Wall Jump


You were on level 8 of the Dungeon.
You worshipped Wu Jian.
Wu Jian was pleased with you.
You visited 2 branches of the dungeon, and saw 9 of its levels.
You also visited: Ossuary.

You collected 382 gold pieces.

Inventory:

Hand Weapons
 b - a +4 halberd (weapon)
Missiles
 e - 33 stones (quivered)
 g - 5 silver boomerangs
 l - 8 boomerangs
 s - 11 poisoned darts
 t - 2 throwing nets
Armour
 c - a +0 buckler
 j - a +0 cloak (worn)
 v - the +7 ring mail "Malyorih" (worn) {Int+2 Slay+3 Stlth+}
   (You found it on level 3 of the Dungeon)

   Int:       It affects your intelligence (+2).
   Slay:      It affects your accuracy & damage with ranged weapons and melee
   (+3).
   Stlth:     It makes you more stealthy.
Jewellery
 f - the amulet of Cyeno (around neck) {Reflect rPois Int+2 Dex+3 SH+5}
   (You acquired it on level 1 of the Dungeon)

   [amulet of reflection]

   It reflects blocked missile attacks.
   Int:       It affects your intelligence (+2).
   Dex:       It affects your dexterity (+3).
   rPois:     It protects you from poison.
   SH:        It affects your SH (+5).
 h - a +4 ring of slaying (left hand)
 q - a +6 ring of strength (right hand)
Wands
 A - a wand of polymorph (13)
 B - a wand of mindburst (14)
Scrolls
 a - a scroll of amnesia
 p - 2 scrolls of magic mapping
 r - a scroll of enchant weapon {unknown}
 x - a scroll of blinking {unknown}
 y - a scroll of torment {unknown}
 z - a scroll of vulnerability {unknown}
Potions
 d - a potion of might
 m - a potion of ambrosia
 o - a potion of curing
 w - a potion of cancellation


   Skills:
 + Level 6.9 Fighting
 + Level 7.0 Maces & Flails
 + Level 7.2 Polearms
 + Level 2.6 Throwing
 + Level 6.4 Armour
 + Level 5.3 Dodging
 + Level 3.4 Stealth
 + Level 7.0 Shields


You had 8 spell levels left.
You didn't know any spells.
Your spell library contained the following spells:

 Spells                   Type           Power      Damage    Failure   Level
 Foxfire                  Conj/Fire      0%         2x1d4     50%         1
 Freeze                   Ice            0%         1d3       50%         1
 Magic Dart               Conj           0%         1d3       50%         1
 Sandblast                Erth           0%         2d4       50%         1
 Passwall                 Tmut/Erth      0%         N/A       63%         2
 Searing Ray              Conj           0%         2d4       63%         2
 Sublimation of Blood     Necr           0%         N/A       63%         2
 Wereblood                Tmut           0%         N/A       63%         2
 Conjure Flame            Conj/Fire      0%         6-21      86%         3
 Frozen Ramparts          Ice            0%         1d1       86%         3
 Inner Flame              Hex/Fire       0%         N/A       86%         3
 Stone Arrow              Conj/Erth      0%         3d7       86%         3
 Flame Wave               Conj/Fire      0%         2d4       99%         4
 Fulminant Prism          Conj/Hex       0%         3d6       99%         4
 Hailstorm                Conj/Ice       0%         3d3       99%         4
 Summon Hydra             Summ           0%         N/A       100%        7


Dungeon Overview and Level Annotations

Branches:
Dungeon (8/15)             Temple (1/1) D:6         Ossuary (visited)
   Lair: D:8-11

Altars:
Ashenzari
Elyvilon
Fedhas
Gozag
Okawaru
Ru
Sif Muna
Uskayaw
Wu Jian
The Shining One

Shops:
D:2 =   D:3 ?*


Innate Abilities, Weirdness & Mutations

You have a pair of horns on your head.
You reflexively headbutt those who attack you in melee.


Message History

The slime creature is moderately wounded.
Two slime creatures merge to form a large slime creature.
The large slime creature misses you. You furiously retaliate!
You headbutt the large slime creature, but do no damage.
You slice the large slime creature!!
The large slime creature is moderately wounded.
The large slime creature hits you but does no damage.
You hit the large slime creature.
The large slime creature is moderately wounded.
The large slime creature hits you!!
* * * LOW HITPOINT WARNING * * *
You hear a shout!
Unknown command.
You feel much better. The large slime creature hits you!!
* * * LOW HITPOINT WARNING * * *
You feel better.
An orc comes into view. It is wielding a +0 club.
The large slime creature hits you!
* * * LOW HITPOINT WARNING * * *
You feel yourself speed up. The large slime creature hits you.
* * * LOW HITPOINT WARNING * * *
You feel as though your hastened speed will last longer.
A centaur comes into view.
You feel better.
The large slime creature hits you but does no damage.
You feel better.
The centaur shouts!
The large slime creature hits you.
* * * LOW HITPOINT WARNING * * *
A red film seems to cover your vision as you go berserk!
You feel yourself moving faster!
You feel mighty!
You slice the large slime creature!!
The large slime creature is heavily wounded.
The large slime creature hits you but does no damage.
You slice the large slime creature!! You headbutt the large slime creature!
The large slime creature is almost dead.
You hear a shout!
An orc comes into view. It is wielding a +0 hand axe.
The large slime creature hits you!!
You die...

.~~~~~.≈≈≈≈.#
.~≈S≈≈.~≈≈~.#
.~≈≈≈≈?~≈≈~.##.
.~~~~S.~J~~....
.$.......(..#
#J# #.#
##.#########.##
.o..c.o.@J.).<#
##.##########.#
#.# #.# #.# #.#
#.# #.#


You could see a large slime creature, a centaur and 2 orcs.

Vanquished Creatures
  A slime creature (D:8)
  A hornet (D:7)
  Menkaure (D:4)
  4 ice beasts
  A sky beast (D:7)
  2 black bears
  2 ogres
  4 centaurs
  5 necrophages
  2 bullfrogs
  4 scorpions
  A howler monkey (D:7)
  4 orc priests
  2 hounds
  4 iguanas
  Natasha (thrice) (D:2)
  4 orc wizards
  A mummy (Ossuary)
  7 adders
  4 gnolls (D:3)
  A white imp (D:7)
  4 ufetubi
  4 dart slugs
  20 orcs
  3 spectral bats (Ossuary)
  6 endoplasms
  7 giant cockroaches (D:3)
  7 goblins
  7 hobgoblins
  A jackal (D:3)
  15 kobolds
  4 quokkas
  9 ball pythons
  6 bats
  2 bat simulacra (Ossuary)
  3 frilled lizards
  12 gnoll zombies (Ossuary)
  5 goblin simulacra (Ossuary)
  5 goblin zombies (Ossuary)
  3 hobgoblin zombies (Ossuary)
  2 kobold simulacra (Ossuary)
  3 kobold zombies (Ossuary)
  7 orc zombies (Ossuary)
  7 rats
  2 rat simulacra (Ossuary)
  3 spectral goblins (Ossuary)
  6 spectral kobolds (Ossuary)
  6 spectral rats (Ossuary)
217 creatures vanquished.

Vanquished Creatures (others)
  2 plants (D:7)
2 creatures vanquished.

Grand Total: 219 creatures vanquished

Notes
Turn   | Place    | Note
-------+----------+-------------------------------------------
     0 | D:1      | Linkola the Minotaur Fighter began the quest for the Orb.
     0 | D:1      | Reached XP level 1. HP: 19/19 MP: 0/0
   312 | D:1      | Reached XP level 2. HP: 25/27 MP: 1/1
   616 | D:1      | Identified a scroll of acquirement
   616 | D:1      | Acquired the amulet of Cyeno {Reflect rPois Int+2 Dex+3
                  | SH+5}
   945 | D:2      | Reached skill level 1 in Dodging
   945 | D:2      | Reached XP level 3. HP: 17/33 MP: 2/2
   945 | D:2      | Found a faded altar of an unknown god.
  1036 | D:2      | Reached skill level 1 in Throwing
  1082 | D:2      | Found Xuxinn's Jewellery Shoppe.
  1299 | D:2      | Noticed Natasha
  1304 | D:2      | Killed Natasha
  1305 | D:2      | Reached XP level 4. HP: 28/40 MP: 3/3
  1356 | D:2      | Noticed Natasha
  1361 | D:2      | Killed Natasha
  1375 | D:2      | Noticed Natasha
  1384 | D:2      | Killed Natasha
  1465 | D:2      | Reached XP level 5. HP: 43/46 MP: 4/4
  2258 | D:3      | Noticed a centaur
  2265 | D:3      | Killed a centaur
  2266 | D:3      | Reached XP level 6. HP: 33/53 MP: 5/5
  2439 | D:3      | Reached skill level 5 in Armour
  2442 | D:3      | Found Kyodi's Assorted Antiques.
  2639 | D:3      | Identified the +7 ring mail "Malyorih" {Int+2 Slay+3
                  | Stlth+}
  2947 | D:3      | Found Bysipp's Magic Scroll Emporium.
  3527 | D:4      | Noticed Menkaure
  3536 | D:4      | Killed Menkaure
  3537 | D:4      | Reached skill level 5 in Maces & Flails
  3537 | D:4      | Reached XP level 7. HP: 18/60 MP: 6/6
  3593 | D:4      | Reached skill level 5 in Shields
  4045 | D:5      | Entered Level 5 of the Dungeon
  4118 | D:5      | Reached XP level 8. HP: 67/67 MP: 7/7
  4237 | D:5      | Reached skill level 5 in Fighting
  4252 | D:5      | Reached skill level 1 in Polearms
  4252 | D:5      | Reached skill level 1 in Stealth
  4668 | D:6      | Found a staircase to the Ecumenical Temple.
  4685 | Temple   | Entered the Ecumenical Temple
  4694 | Temple   | Became a worshipper of the Wu Jian Council
  4920 | D:6      | Found a sacrificial altar of Ru.
  4992 | D:6      | Reached skill level 5 in Dodging
  5243 | D:6      | Found an iron altar of Okawaru.
  5285 | D:6      | Reached XP level 9. HP: 75/75 MP: 8/8
  5884 | D:7      | Found a sand-covered staircase.
  5889 | Ossuary  | Entered an ossuary
  5912 | Ossuary  | Reached * piety under Wu Jian
  6100 | Ossuary  | Reached ** piety under Wu Jian
  6312 | D:7      | Reached skill level 5 in Polearms
  6748 | D:8      | Killed a large slime creature
  6760 | D:8      | HP: 1/78 [large slime creature (35)]
  6769 | D:8      | Slain by a large slime creature

Illustrated notes

Levels and vault maps discovered:
D:1:      minmay_arrival_cross, layout_basic, hex_intersection
D:2:      layout_loops_ring, nicolae_ecumenical_snake_handling, serial_shops,
          nicolae_square_shop, minmay_fractal_squares_gapless_5, uniq_natasha
D:3:      layout_loops_corners, gup_sewer_entry_pipe, serial_shops,
          nicolae_shop_waterfront, shop_scrolls, minmay_unequal
D:4:      layout_rooms, kennysheep_dice, uniq_menkaure
D:5:      layout_cave_pools
D:6:      layout_basic, mainiacjoe_overflow_large_starburst,
          minmay_temple_entry_sparse_star, minmay_misc_feat_room
D:7:      layout_rooms, enter_ossuary_5, serial_bayou_pond_c
D:8:      layout_basic, lemuel_round_altar, dpeg_lair_monsters, enter_bailey_6,
          minivault_14, uniq_grum, uniq_prince_ribbit1, uniq_maggie
Temple:   compressed_dpeg_triangle_lava_temple

Skill      XL: |  1  2  3  4  5  6  7  8  9 |
---------------+----------------------------+-----
Armour         | 4 5 6 |  6.4
Dodging        | 1 2 3 4 5 |  5.3
Throwing       | 1 2 |  2.6
Shields        | 4 6 7 |  7.0
Fighting       | 4 5 6 |  6.9
Maces & Flails | 3 4 5 7 |  7.0
Polearms       | 4 7 |  7.2
Stealth        | 2 3 |  3.4

Action                   |  1- 3 |  4- 6 |  7- 9 || total
-------------------------+-------+-------+-------++-------
Melee: Flail             |    68 |   145 |    47 ||   260
       Headbutt          |    10 |    16 |    27 ||    53
       Halberd           |       |       |   179 ||   179
Throw: Stone             |    13 |    12 |       ||    25
Invok: Lunge             |       |       |     4 ||     4
       Whirlwind         |       |       |     2 ||     2
  Use: Scroll            |     2 |     4 |     9 ||    15
       Potion            |       |       |     9 ||     9
 Stab: Sleeping          |       |     1 |    10 ||    11
       Distracted        |       |       |     1 ||     1
Armor: Scale mail        |    32 |    32 |       ||    64
       Ring mail         |       |    11 |    78 ||    89
Dodge: Dodged            |    37 |    48 |    86 ||   171
Block: Buckler           |    28 |    71 |    32 ||   131
       Reflection        |       |     2 |     4 ||     6
       Other             |       |       |    25 ||    25
